 Dungeon Crawl Stone Soup version 0.25.1-9-gc5326a611f (webtiles) character file.

Game seed: 13111934901211820680

371 pokeman the Magician (level 6, 0/34 HPs)
             Began as a Deep Elf Wizard on Dec 24, 2020.
             Blown up by an orc wizard (13 damage)
             ... with a disintegration bolt
             ... on level 3 of the Dungeon.
             The game lasted 00:08:43 (3852 turns).

pokeman the Magician (Deep Elf Wizard)              Turns: 3852, Time: 00:08:44

Health: 0/34       AC:  5    Str:  4    XL:     6   Next: 42%
Magic:  11/18      EV:  8    Int: 31    God:
Gold:   155        SH:  0    Dex: 13    Spells: 8/19 levels left

rFire    . . .     SeeInvis .   h - -3 short sword (curse)
rCold    . . .     Gourm    .   (no shield)
rNeg     . . .     Faith    .   g - +0 leather armour (curse)
rPois    .         Spirit   .   b - +0 hat
rElec    .         Reflect  .   n - +0 cloak
rCorr    .         Harm     .   (no gloves)
MR       .....                  k - +0 pair of boots
Stlth    ++........             (no amulet)
HPRegen  0.11/turn              p - -4 ring of evasion (curse)
MPRegen  0.16/turn              t - +6 ring of intelligence

@: no status effects
A: no striking features
a: no special abilities


You were on level 3 of the Dungeon.
You were hungry.

You visited 1 branch of the dungeon, and saw 4 of its levels.

You collected 155 gold pieces.

Inventory:

Hand Weapons
 h - a cursed -3 short sword (weapon)
 m - a +1 whip of flaming
Armour
 a - a +0 robe
 b - a +0 hat (worn)
 f - a +0 leather armour of cold resistance
 g - a cursed +0 leather armour (worn)
 k - a +0 pair of boots (worn)
 n - a +0 cloak (worn)
Jewellery
 p - a cursed -4 ring of evasion (left hand)
 t - a +6 ring of intelligence (right hand)
Scrolls
 c - a scroll of teleportation {unknown}
 e - a scroll of random uselessness {unknown}
 i - 2 scrolls of magic mapping {unknown}
 l - 2 scrolls of amnesia {unknown}
 q - 4 scrolls of remove curse {unknown}
 s - a scroll of blinking {unknown}
 u - a scroll of enchant weapon {unknown}
Potions
 j - a potion of haste {unknown}
 o - 3 potions of curing {unknown}
Comestibles
 d - 12 rations


   Skills:
 + Level 1.0 Fighting
 - Level 1.0 Armour
 - Level 3.0 Dodging
 - Level 3.2 Stealth
 * Level 7.1 Spellcasting
 + Level 3.2 Conjurations
 - Level 1.1 Summonings
 - Level 1.1 Translocations
 - Level 1.0 Fire Magic
 + Level 1.6 Air Magic
 - Level 1.0 Poison Magic


You had 8 spell levels left.
You knew the following spells:

 Your Spells              Type           Power        Failure   Level  Hunger
a - Magic Dart            Conj           ####         1%          1    None
b - Mephitic Cloud        Conj/Pois/Air  ###.....     10%         3    None
c - Call Imp              Summ           ###.....     8%          2    None
d - Blink                 Tloc           N/A          8%          2    None
e - Conjure Flame         Conj/Fire      ###.....     10%         3    None

Your spell library contained the following spells:

 Spells                   Type           Power        Failure   Level  Hunger
 Slow                     Hex            ##......     12%         2    None


Dungeon Overview and Level Annotations

Branches:
Dungeon (4/15)
 Temple: D:4-7

Altars:
Qazlal
The Shining One


Message History

You climb downwards.
There is a stone staircase leading up here.
Casting: Magic Dart (safe; 1% risk of failure)
Confirm with . or Enter, or press ? or * to list all spells.
Aiming: Magic Dart (safe; 1% risk of failure)
Press: ? - help, Shift-Dir - straight line, f - orc wizard
Aim: an orc wizard, wielding a +0 dagger, wearing a +0 robe and carrying a wand of disintegration (21)
The magic dart hits the orc wizard.
The orc wizard is lightly wounded.
The orc wizard zaps a wand.
You are blasted!
Ouch! That really hurt!
Casting: Magic Dart (safe; 1% risk of failure)
Confirm with . or Enter, or press ? or * to list all spells.
Aiming: Magic Dart (safe; 1% risk of failure)
Press: ? - help, Shift-Dir - straight line, f/p - orc wizard
Aim: an orc wizard, wielding a +0 dagger, wearing a +0 robe and carrying a wand of disintegration (20) (lightly wounded)
The magic dart hits the orc wizard but does no damage.
The orc wizard is lightly wounded.
The orc wizard zaps a wand.
You are blasted!
You die...

##.######.##.#5#
#........##o#..
###########.###########
########## #.# #......#
.........# #.# #.####.#
^#######.# #####.# #.# #.#
.#######.# ##...#.####.####.#
.##...##.###..............[.#
.##...<.........@.####.###..#
.##.[.##.###..<....###.###..#
.###.###.# ##...)...##......#
.###.###.# ####...#######.##
.........# ##.## #####.##
####.##### #.# #......# #.#
#.# #.###..# #.## ##'## #.#
#..### #..# ##...###.# #....#


You could see an orc wizard.

Vanquished Creatures
  Grinder (D:3)
  An orc priest (D:3)
  An orc wizard (D:2)
  5 adders
  3 worms
  3 dart slugs
  7 orcs
  7 giant cockroaches
  4 hobgoblins
  4 jackals (D:3)
  10 kobolds
  7 bats
  2 frilled lizards
  7 goblins
  6 rats
68 creatures vanquished.

Notes
Turn   | Place    | Note
-------+----------+-------------------------------------------
     0 | D:1      | pokeman the Deep Elf Wizard began the quest for the Orb.
     0 | D:1      | Reached XP level 1. HP: 10/10 MP: 7/7
   289 | D:1      | Reached XP level 2. HP: 10/16 MP: 2/9
   968 | D:2      | Reached skill level 5 in Spellcasting
  1027 | D:2      | Reached XP level 3. HP: 14/20 MP: 4/11
  1032 | D:2      | Learned a level 3 spell: Mephitic Cloud
  1035 | D:2      | Learned a level 2 spell: Call Imp
  1038 | D:2      | Learned a level 2 spell: Blink
  1042 | D:2      | Learned a level 3 spell: Conjure Flame
  1425 | D:2      | Reached skill level 1 in Fighting
  1530 | D:2      | Reached skill level 1 in Armour
  2001 | D:2      | Found a stormy altar of Qazlal.
  2081 | D:2      | Reached XP level 4. HP: 21/25 MP: 5/13
  2447 | D:2      | Reached skill level 1 in Fire Magic
  2713 | D:3      | Reached skill level 6 in Spellcasting
  2721 | D:3      | Reached XP level 5. HP: 14/29 MP: 3/15
  3057 | D:3      | Found a glowing golden altar of the Shining One.
  3066 | D:3      | You fall into a shaft and drop 1 floor!
  3368 | D:3      | Reached skill level 1 in Poison Magic
  3744 | D:3      | Noticed Grinder
  3750 | D:3      | Paralysed by Grinder for 6 turns
  3768 | D:3      | Killed Grinder
  3768 | D:3      | Reached skill level 7 in Spellcasting
  3768 | D:3      | Reached skill level 1 in Air Magic
  3768 | D:3      | Reached XP level 6. HP: 25/34 MP: 0/18
  3852 | D:3      | Blown up by an orc wizard

Illustrated notes

Levels and vault maps discovered:
D:1:      moated_graveyard_arrival, layout_rooms
D:2:      layout_loops_ring, old_standard_altar
D:3:      layout_loops_corners, tso_metal_star, uniq_grinder
D:4:      black_bear_nest_1, layout_loops_corners, lemuel_doored_altar,
          first_ration

Skill      XL: |  1  2  3  4  5 |
---------------+----------------+-----
Spellcasting   | 5 6 7 |  7.1
Fighting       | 1 |  1.0
Armour         | 1 |  1.0
Conjurations   | 2 3 |  3.2
Dodging        | 3 |  3.0
Fire Magic     | 1 |  1.0
Poison Magic   | 1 |  1.0
Stealth        | 3 |  3.2
Air Magic      | 1 |  1.6
Summonings     | |  1.1
Translocations | |  1.1

Action                   |  1- 3 |  4- 6 || total
-------------------------+-------+-------++-------
Melee: Unarmed           |     3 |       ||     3
       Short sword       |       |    10 ||    10
 Cast: Magic Dart        |   102 |    96 ||   198
       Conjure Flame     |       |     1 ||     1
  Eat: Chunk             |     3 |     5 ||     8
Armor: Robe              |     3 |       ||     3
       Leather armour    |     5 |     5 ||    10
Dodge: Dodged            |    10 |     9 ||    19
